cohdb
Replays
Latest Replays
All Replays
Popular Replays
Top Player Replays
Match Explorer
How It Works
Community
CoH3 Stats
Reddit
Sign in to upload your games and track your stats! →
Sign in with Steam
Match 41671092
Unlisted
Match 41671092
Overview
Messages
Build Orders
End
Construct Infanterie Kompanie
Kettenkrad Recon Vehicle
Selects Terror Battlegroup
Selects Machine Gun Camouflage
MG 42 Machine Gun Team
Grenadier Squad
Grenadier Squad
Grenadier Squad
Selects Interrogate
Construct Panzergrenadier Kompanie
Pak 40 Anti-tank Gun Team
Support Elements
Nebelwerfer 42 Rocket Launcher Team
Panzergrenadier Squad
MG 42 Machine Gun Team
Construct Panzer Kompanie
Selects Jericho Trumpet
Panzer IV Medium Tank
Forward Retreat Point
Selects Defend the Fatherland
Jericho Trumpet
Medical Bunker
Side Skirts
Pioneer Squad
Pioneer Squad
wila
LittleFatty233
你的好友寒风
甜菜的小老弟
DarknessAngle
Warris LeMid
hepelaion
[DF]虎子
0
0
Comments
sign in to comment!
No comments posted yet!